 Dungeon Crawl Stone Soup version 0.22-a0-430-g6609fc6 (webtiles) character file.

43 Gorglomux the Ducker (level 3, -17/19 HPs)
             Began as a Spriggan Berserker on May 26, 2018.
             Demolished by a polar bear (20 damage)
             ... created by the rage of Trog
             ... on level 3 of the Dungeon.
             The game lasted 00:03:37 (1391 turns).

Gorglomux the Ducker (Spriggan Berserker)           Turns: 1391, Time: 00:03:38

Health: -17/19     AC:  2    Str: 13    XL:     3   Next: 37%
Magic:  4/4        EV: 20    Int: 10    God:
Gold:   36         SH:  0    Dex: 16    Spells: 2/2 levels left

rFire    . . .     SeeInvis +   a - +0 short sword
rCold    . . .     Gourm    .   (shield restricted)
rNeg     . . .     Faith    .   b - +0 animal skin
rPois    .         Spirit   .   (helmet restricted)
rElec    .         Reflect  .   (no cloak)
rCorr    .         Harm     .   (gloves unavailable)
MR       .....                  (boots unavailable)
Stlth    ++........             (no amulet)
HPRegen  0.06/turn              d - +2 ring of intelligence
MPRegen  0.09/turn              (no ring)

@: very quick
A: very small, unfitting armour, see invisible, herbivore, speed 3, slow
metabolism 2
a: no special abilities


You were on level 3 of the Dungeon.
You were not hungry.

You visited 1 branch of the dungeon, and saw 3 of its levels.

You collected 36 gold pieces.

Inventory:

Hand Weapons
 a - a +0 short sword (weapon)
Missiles
 g - 38 stones (quivered)
Armour
 b - a +0 animal skin (worn)
Jewellery
 d - a +2 ring of intelligence (left hand)
Scrolls
 e - a scroll of identify {unknown}
 f - a scroll of blinking {unknown}
 h - a scroll of noise {unknown}
 j - a scroll of fog {unknown}
Potions
 i - a potion of curing {unknown}
 k - a potion of degeneration {unknown}
Comestibles
 c - 4 rations


   Skills:
 + Level 2.8 Fighting
 - Level 3.2 Short Blades
 - Level 5.0 Dodging
 + Level 3.4 Stealth


You had 2 spell levels left.
You didn't know any spells.
Your spell library was empty.

Dungeon Overview and Level Annotations

Branches:
Dungeon (3/15)

Altars:


Innate Abilities, Weirdness & Mutations

You are very small and have problems with some larger weapons.
You are too small for most types of armour.
You have supernaturally acute eyesight. (SInv)
You are a herbivore.
You cover ground extremely quickly.
You need to consume almost no food.


Message History

The ooze quivers!
You spit the ooze like a pig!
The ooze is moderately wounded!
The ooze closely misses you!
Trog sends monsters to punish you! 3 polar bears come into view!
You spit the ooze like a pig!
The ooze is severely wounded!
The ooze hits butt!
Unknown command!
You barely miss the ooze!
The ooze is severely wounded!
The ooze misses you! The polar bear completely misses you!
The polar bear misses you! The polar bear claws you!
The polar bear closely misses you! The polar bear butts you!
The polar bear claws you!!! * * * don't die
* * * The butt bear bites you!!!!!!
DANG rip

####.####.###.##........#.#
#.###### #.#####..##.#.#
#.....# #>#####..##.#.#
#####.####.............#
#)##<....#######.###
#.##.....# #.# #.##.h...#
..# ###.##hh...# ####
##.....@.J..# #....########
#.)### #.. #.. ... #.## #.
#.


You could see 3 polar bears and an ooze.

Vanquished Creatures
  An adder (D:2)
  A worm (D:3)
  3 giant cockroaches
  8 goblins
  3 hobgoblins
  4 jackals (D:1)
  2 frilled lizards (D:1)
  4 kobolds (D:1)
  2 rats (D:3)
28 creatures vanquished.

Notes
Turn   | Place    | Note
-------+----------+-------------------------------------------
     0 | D:1      | Gorglomux the Spriggan Berserker began the quest for the Orb.
     0 | D:1      | Reached XP level 1. HP: 11/11 MP: 2/2
     0 | D:1      | Fell from the grace of Trog
    79 | D:1      | Reached skill level 1 in Stealth
   214 | D:1      | Reached XP level 2. HP: 10/16 MP: 3/3
   283 | D:1      | Reached skill level 5 in Dodging
   797 | D:2      | Reached skill level 3 in Stealth
   797 | D:2      | Reached XP level 3. HP: 19/19 MP: 4/4
  1389 | D:3      | Noticed a polar bear
  1389 | D:3      | Noticed a polar bear
  1389 | D:3      | Noticed a polar bear
  1391 | D:3      | Demolished by a polar bear

Vault maps used:
D:1:      minmay_arrival_four_circles, lemuel_flame_loot_1
D:2:      okawaru_gym_becter
D:3:      gammafunk_temple_overflow_pools, first_ration,
          uniq_crazy_yiuf_cottage, uniq_sigmund, uniq_terence

Skill      XL: |  1  2 |
---------------+-------+-----
Stealth        | 1 3 |  3.4
Dodging        | 5 |  5.0
Fighting       | |  2.8
Short Blades   | |  3.2

Action                   || total
-------------------------++-------
Melee: Short sword       ||   125
Throw: Stone             ||     6
Invok: Renounce Religion ||     1
 Stab: Sleeping          ||     3
Armor: Animal skin       ||     5
Dodge: Dodged            ||   102

Table legend:
 A = Spawn XP
 B = Non-spawn XP
 C = Spawn XP percentage of total XP
 D = Spawn monster count
 E = Non-spawn monster count
 F = Spawn count percentage of total count
 G = Total turns spent on level
                    A         B        C        D         E        F      G
               +---------+---------+-------+---------+---------+-------+---------
         Total |       0 |      62 |   0.0 |       0 |      28 |   0.0 |  1391
               +---------+---------+-------+---------+---------+-------+---------
           D:1 |       0 |      30 |   0.0 |       0 |      18 |   0.0 |   908
           D:2 |       0 |      15 |   0.0 |       0 |       2 |   0.0 |   267
           D:3 |       0 |      17 |   0.0 |       0 |       8 |   0.0 |   216
               +---------+---------+-------+---------+---------+-------+---------
